 Dungeon Crawl Stone Soup version 0.26.0-45-g9c1d065592 (webtiles) character file.

Game seed: 12239560173814122731

117 sizableburger the Chiller (level 5, -3/31 HPs)
             Began as an Octopode Ice Elementalist on Jan 31, 2021.
             Killed by nerve-wracking pain
             ... invoked by Grinder
              (7 damage)
             ... on level 3 of the Dungeon.
             The game lasted 00:06:22 (2656 turns).

sizableburger the Chiller (OpIE)                    Turns: 2656, Time: 00:06:22

Health: -3/31      AC:  1    Str:  7    XL:     5   Next: 1%
Magic:  15/18      EV: 14    Int: 18    God:
Gold:   67         SH:  0    Dex: 13    Spells: 3/10 levels left

rFire    + . .     SeeInvis .   c - +0 dagger
rCold    . . .     Faith    .   (no shield)
rNeg     . . .     Spirit   .   (helmet restricted)
rPois    .         Reflect  .   (no amulet)
rElec    .         Harm     .   d - ring of protection from fire
rCorr    .         Rampage  .   h - ring of magical power
Will     .....                  (no ring)
Stlth    +++.......             (no ring)
HPRegen  0.10/turn              (no ring)
MPRegen  0.16/turn              (no ring)
                                (no ring)
                                (no ring)

@: no status effects
A: almost no armour, stealthy swim, amphibious, 8 rings, constrict 8, camouflage
1, gelatinous body 1
a: no special abilities


You were on level 3 of the Dungeon.
You visited 1 branch of the dungeon, and saw 3 of its levels.

You collected 67 gold pieces.

Inventory:

Hand Weapons
 c - a +0 dagger (weapon)
Jewellery
 d - a ring of protection from fire (left tentacle)
 h - a ring of magical power (right tentacle)
Scrolls
 f - a scroll of noise {unknown}
 g - a scroll of identify {unknown}
 i - a scroll of fear {unknown}
Potions
 e - a potion of attraction


   Skills:
 + Level 3.2 Dodging
 - Level 2.6 Stealth
 + Level 3.1 Spellcasting
 + Level 4.8 Ice Magic


You had 3 spell levels left.
You knew the following spells:

 Your Spells              Type           Power        Failure   Level
a - Freeze                Ice            80%          2%          1
b - Frozen Ramparts       Ice            40%          7%          3
c - Ozocubu's Armour      Ice            20%          7%          3

Your spell library contained the following spells:

 Spells                   Type           Power        Failure   Level
 Hailstorm                Conj/Ice       11%          52%         4
 Summon Ice Beast         Ice/Summ       11%          52%         4


Dungeon Overview and Level Annotations

Branches:
Dungeon (3/15)

Altars:

Annotations:
D:3 Grinder


Innate Abilities, Weirdness & Mutations

You cannot wear most types of armour.
You are very stealthy in the water. (Stealth+)
You are amphibious.
You can wear up to eight rings at the same time.
You can use your tentacles to constrict eight enemies at once.
Your skin changes colour to match your surroundings (Stealth+).
Your rubbery body absorbs attacks. (AC +1, EV +1)


Message History

Items here: ) [ ††.
Grinder says, "Don't move a muscle."
Grinder blinks!
Okay, then.
It was a potion of attraction.
You feel attractive to monsters.
You feel sick.
You are no longer poisoned.
Grinder barely misses you.
It was a potion of cancellation.
Your magical effects are unravelling.
You feel magically purged. Grinder misses you.
You feel less attractive to monsters.
Okay, then.
As you read the scroll labelled UCWUTW GUGE, it crumbles to dust.
It is a scroll of enchant armour.
You aren't carrying any armour which can be enchanted further.
Grinder gestures at you. Pain shoots through your body!
You die...

#########
#........
#........
#########........
#<.5@))..........
#########........
#........
#........
#........
#########


You could see Grinder.

Vanquished Creatures
  3 gnolls (D:2)
  3 adders
  A dart slug (D:2)
  4 leopard geckos
  3 orcs (D:3)
  A giant cockroach (D:1)
  4 goblins (D:1)
  8 hobgoblins
  5 bats
  4 frilled lizards
  12 kobolds
  4 rats
52 creatures vanquished.

Notes
Turn   | Place    | Note
-------+----------+-------------------------------------------
     0 | D:1      | sizableburger the Octopode Ice Elementalist began the quest
                  | for the Orb.
     0 | D:1      | Reached XP level 1. HP: 11/11 MP: 3/3
   574 | D:1      | Reached XP level 2. HP: 14/17 MP: 1/5
  1202 | D:1      | Reached XP level 3. HP: 21/21 MP: 6/6
  1419 | D:2      | Learned a level 3 spell: Frozen Ramparts
  1834 | D:2      | Learned a level 3 spell: Ozocubu's Armour
  2107 | D:2      | Reached XP level 4. HP: 25/27 MP: 8/8
  2638 | D:3      | Noticed Grinder
  2643 | D:3      | Reached XP level 5. HP: 21/31 MP: 9/9
  2645 | D:3      | Paralysed by Grinder for 7 turns
  2656 | D:3      | Killed from afar by Grinder

Illustrated notes

Levels and vault maps discovered:
D:1:      dpeg_arrival_leaves_temple_mockup, layout_loops_ring,
          minmay_tetromino_s4
D:2:      layout_basic
D:3:      layout_basic, uniq_ijyb, uniq_grinder

Skill      XL: |  1  2  3  4 |
---------------+-------------+-----
Dodging        | 3 |  3.2
Spellcasting   | 3 |  3.1
Stealth        | |  2.6
Ice Magic      | |  4.8

Action                   |  1- 3 |  4- 6 || total
-------------------------+-------+-------++-------
Melee: Constrict         |    14 |    11 ||    25
       Unarmed           |     1 |       ||     1
       Dagger            |    34 |    27 ||    61
       Tentacles         |     3 |     2 ||     5
 Cast: Freeze            |    39 |     5 ||    44
       Frozen Ramparts   |     1 |     2 ||     3
       Ozocubu's Armour  |       |     1 ||     1
  Use: Potion            |       |     2 ||     2
       Scroll            |       |     1 ||     1
 Stab: Sleeping          |     5 |     1 ||     6
Armor: Skin              |     4 |     2 ||     6
Dodge: Dodged            |    34 |    39 ||    73
